Map: Ultralove

Players

ManlyManMeat - Winner!

  • Race: Zerg Zerg
  • League: Diamond
  • Spawn Location: 1:00

BlackWiDow

  • Race: Protoss Protoss
  • League: Master
  • Spawn Location: 7:00

VOD

Have the link to the VOD?

Description

Time

  • Played on: July 3, 2025, 10:26 a.m.
  • Length: 10:07
Show
View Real Time Build Order
Export as new Build Order

ManlyManMeat Zerg - Winner!

Build Orders: Hatch First 

Get SALT Encoding   

  12  0:00  Drone  
  13  0:08  Drone  
  14  0:17  Extractor  
  14  0:18  Drone  
  15  0:23  Overlord  
  15  0:42  Drone  
  16  0:47  Hatchery  
  15  0:51  Drone  
  15  0:54  Drone  
  17  0:58  Drone  
  18  1:09  Extractor  
  17  1:13  Spawning Pool  
  16  1:20  Drone x2  
  18  1:29  Drone  
  19  1:37  Drone  
  20  2:00  Queen x2  
  24  2:01  Zergling x2  
  24  2:03  Zergling x2  
  26  2:10  Overlord  
  26  2:15  Metabolic Boost  
  26  2:19  Drone  
  26  2:22  Drone  
  28  2:30  Drone x2  
  30  2:42  Drone x2  
  32  2:51  Hatchery  
  32  2:55  Drone  
  32  3:06  Overlord  
  32  3:08  Overlord  
  32  3:09  Drone x2  
  32  3:11  Drone  
  35  3:17  Drone  
  35  3:18  Overlord  
  36  3:22  Overlord  
  36  3:26  Drone x2  
  38  3:29  Drone  
  39  3:38  Zergling x2  
  36  3:58  Spore Crawler  
  36  4:01  Drone x5  
  41  4:08  Drone  
  41  4:09  Drone x3  
  45  4:22  Zergling x4  
  45  4:23  Zergling x4  
  47  4:26  Queen  
  47  4:27  Queen  
  49  4:46  Spore Crawler  
  48  4:53  Zergling x4  
  48  4:54  Zergling x8  
  54  5:03  Drone x3, Evolution Chamber  
  54  5:04  Evolution Chamber  
  55  5:12  Extractor  
  55  5:13  Extractor  
  53  5:15  Drone  
  53  5:19  Baneling Nest, Hatchery  
  52  5:24  Hatchery  
  52  5:25  Hatchery  
  52  5:26  Zergling x4  
  52  5:27  Zergling x18  
  55  5:46  Zergling x18  
  60  5:58  Lair  
  59  6:13  Drone x2, Overlord  
  59  6:14  Overlord x2  
  60  6:19  Zerg Melee Weapons Level 1  
  60  6:21  Baneling x2  
  60  6:24  Drone x3  
  63  6:25  Drone x2  
  63  6:26  Drone  
  51  7:04  Zergling x34  
  51  7:05  Zergling x2  
  51  7:07  Zerg Ground Armor Level 1  
  66  7:10  Drone  
  67  7:19  Spore Crawler  
  67  7:21  Spore Crawler  
  67  7:22  Drone x4, Spore Crawler  
  68  7:25  Queen  
  70  7:36  Centrifugal Hooks  
  70  7:56  Zergling x24  
  70  7:57  Zergling x4  
  79  8:17  Zergling x26  
  79  8:18  Zergling x8  
  96  8:26  Zergling x12  
  93  8:40  Baneling x7  
  93  8:53  Drone x2, Overlord  
  93  8:54  Overlord x2  
  78  9:11  Zergling x26  
  86  9:22  Zergling x12  
  85  9:37  Baneling x5  
  85  9:38  Baneling x8  
Show
View Real Time Build Order
Export as new Build Order

BlackWiDow Protoss 

Build Orders: 1 Gate Expand 

Get SALT Encoding   

  12  0:02  Probe  
  13  0:14  Probe  
  14  0:23  Pylon  
  14  0:26  Probe  
  15  0:41  Probe  
  15  0:42  Gateway  
  16  0:50  Probe, Assimilator  
  17  0:58  Probe  
  18  1:07  Probe  
  19  1:19  Probe  
  20  1:29  Cybernetics Core  
  20  1:39  Nexus  
  20  1:43  Probe  
  20  1:58  Gateway  
  20  2:02  Pylon  
  20  2:06  Adept  
  22  2:09  Warp Gate  
  22  2:12  Probe  
  23  2:24  Probe  
  24  2:33  Assimilator  
  24  2:35  Pylon  
  24  2:36  Sentry  
  26  2:37  Probe  
  27  2:45  Adept  
  27  2:51  Probe x2  
  31  2:59  Adept  
  31  3:01  Probe  
  31  3:03  Probe  
  35  3:09  Twilight Council  
  35  3:12  Probe  
  35  3:14  Probe  
  37  3:22  Probe  
  39  3:27  Probe  
  39  3:31  Probe  
  39  3:39  Probe  
  39  3:40  Pylon  
  41  3:43  Probe, Charge  
  40  3:57  Probe x2  
  40  3:59  Adept  
  40  4:00  Adept  
  44  4:05  Gateway  
  44  4:06  Gateway  
  44  4:14  Gateway x2  
  44  4:19  Probe x2  
  46  4:27  Stalker  
  46  4:31  Gateway  
  48  4:35  Gateway  
  46  4:42  Probe  
  47  4:51  Adept x2  
  47  5:01  Robotics Facility  
  47  5:07  Adept x2  
  47  5:08  Adept x2  
  47  5:11  Adept  
  47  5:12  Adept  
  59  5:23  Probe  
  59  5:26  Adept  
  62  5:34  Pylon  
  62  5:35  Pylon  
  62  5:38  Pylon  
  58  5:45  Immortal  
  56  5:56  Adept  
  50  5:58  Adept x3  
  56  6:10  Adept x2  
  60  6:16  Nexus  
  60  6:19  Pylon  
  60  6:21  Adept  
  60  6:24  Immortal  
  66  6:29  Probe x2  
  68  6:35  Assimilator  
  68  6:36  Assimilator  
  66  6:50  Adept x4  
  66  6:51  Adept x2  
  66  6:52  Adept  
  74  6:57  Probe  
  71  7:05  Probe  
  70  7:09  Probe  
  70  7:13  Adept  
  70  7:14  Adept x4  
  81  7:17  Probe  
  81  7:21  Probe  
  83  7:29  Probe  
  84  7:32  Probe  
  84  7:33  Probe  
  84  7:34  Adept x2  
  84  7:35  Adept  
  92  7:41  Probe  
  93  7:44  Probe  
  93  7:49  Zealot  
  93  7:50  Zealot x3  
  100  8:04  Forge  
  100  8:06  Stalker x3  
  97  8:28  Zealot x3  
  97  8:29  Zealot  
  96  8:42  Zealot x2  
  96  8:46  Probe  
  101  8:53  Zealot  
  101  8:54  Zealot  
  105  8:59  Zealot  
  105  9:00  Zealot  
  105  9:10  Zealot x2  
  105  9:16  Zealot x2  
  102  9:22  Zealot  
  89  9:35  Zealot  
  89  9:38  Zealot x2  
Tags
 
Add a new tag
Caveats
  • Supply blocks, unpowered buildings, or Contaminate may cause inaccurate times.
  • Supply counts are checked every 10 seconds.